 Dungeon Crawl Stone Soup version 0.28-a0-1159-g27aa881441 (webtiles) character file.

Game seed: 6466203114992390411

471 ChaosChampion the Magician (level 6, -2/32 HPs)
             Began as a Deep Elf Conjurer on Dec 15, 2021.
             Slain by a killer bee (9 damage)
             ... on level 4 of the Dungeon.
             The game lasted 00:06:16 (4933 turns).

ChaosChampion the Magician (Deep Elf Conjurer)      Turns: 4933, Time: 00:06:16

Health: -2/32      AC:  2    Str:  4    XL:     6   Next: 83%
Magic:  1/17       EV: 12    Int: 25    God:
Gold:   153        SH:  0    Dex: 13    Spells: 6/18 levels left

rFire   . . .      SeeInvis .   (no weapon)
rCold   . . .      Faith    .   (no shield)
rNeg    . . .      Spirit   .   a - +0 robe
rPois   .          Reflect  .   (no helmet)
rElec   .          Harm     .   (no cloak)
rCorr   .          Rampage  .   (no gloves)
Will    .....                   (no boots)
Stlth   ++........              (no amulet)
HPRegen 0.10/turn               (no ring)
MPRegen 0.15/turn               (no ring)

@: mighty, very slightly contaminated
A: no striking features
a: no special abilities


You were on level 4 of the Dungeon.
You visited 1 branch of the dungeon, and saw 4 of its levels.
You also visited: Sewer.

You collected 153 gold pieces.

Inventory:

Hand Weapons
 c - the +4 long sword "Qompimet" {vorpal, rElec Will- rCorr Stlth+}
   (You found it on level 4 of the Dungeon)

   It inflicts extra damage upon your enemies.
   rElec:     It insulates you from electricity.
   rCorr:     It protects you from acid and corrosion.
   Will:      It decreases your willpower.
   Stlth:     It makes you more stealthy.
Armour
 a - a +0 robe (worn)
Jewellery
 d - an amulet of the acrobat
 e - a ring of poison resistance
 p - an amulet of faith
Scrolls
 b - a scroll of amnesia
 m - a scroll of enchant armour {unknown}
 q - a scroll of fear {unknown}
Potions
 f - 2 potions of berserk rage
 h - a potion of lignification {unknown}
 j - a potion of mutation {unknown}
 k - 2 potions of haste {unknown}
 l - a potion of resistance {unknown}
 n - a potion of brilliance {unknown}
 o - 2 potions of heal wounds {unknown}
 r - 2 potions of flight {unknown}


   Skills:
 - Level 2.4 Dodging
 - Level 2.4 Stealth
 + Level 6.6 Spellcasting
 + Level 5.8 Conjurations
 * Level 3.0 Translocations
 * Level 2.7 Air Magic


You had 6 spell levels left.
You knew the following spells:

 Your Spells              Type           Power      Damage    Failure   Level
a - Magic Dart            Conj           100%       1d8       1%          1
b - Searing Ray           Conj           74%        2d7       1%          2
c - Lightning Bolt        Conj/Air       14%        1d28      32%         5
d - Iskenderun's Mystic   Conj/Tloc      30%        2d8       11%         4

Your spell library contained the following spells:

 Spells                   Type           Power      Damage    Failure   Level
 Static Discharge         Conj/Air       29%        N/A       1%          2
 Dazzling Flash           Conj/Hex       44%        N/A       6%          3
 Fulminant Prism          Conj/Hex       11%        3d9       21%         4
 Summon Guardian Golem    Hex/Summ       8%         N/A       22%         3
 Orb of Destruction       Conj           18%        9d8       99%         7
 Spellforged Servitor     Conj/Summ      11%        N/A       100%        7
 Maxwell's Capacitive Co  Air            11%        ∞         100%        8


Dungeon Overview and Level Annotations

Branches:
Dungeon (4/15)              Sewer (visited)
 Temple: D:4-7

Altars:

Shops:
D:1 *:(

Annotations:
D:3 1 exclusion


Message History

Nothing appears to happen.
You feel sick. The killer bee closely misses you.
The killer bee barely misses you.
Casting: Iskenderun's Mystic Blast (quite dangerous; 12% risk of failure)
Confirm with . or Enter, or press ? or * to list all spells.
The spell is quite dangerous to miscast (12% risk of failure)!
Continue anyway?
You miscast Iskenderun's Mystic Blast.
Space twists in upon itself.
You are magically locked in place.
You feel sick. The killer bee barely misses you.
The killer bee completely misses you.
Casting: Iskenderun's Mystic Blast (quite dangerous; 12% risk of failure)
Confirm with . or Enter, or press ? or * to list all spells.
Aiming: Searing Ray (safe; 1% risk of failure)
Press: ? - help, Shift-Dir - straight line, f/p - killer bee
Aim: a killer bee (heavily wounded, 61% to hit)
The searing ray hits the killer bee!
You kill the killer bee!
The searing ray hits the killer bee!
The killer bee is severely wounded. (Press . to maintain the ray.)
You feel sick. The killer bee barely misses you.
Your Translocations skill increases to level 3!
Without enough magic to sustain it, your searing ray dissipates.
You are no longer locked in place.
You feel sick. The killer bee misses you. The killer bee barely misses you.
You feel sick.
You are no longer poisoned.
The killer bee stings you. The killer bee barely misses you.
There is an open door here.
The killer bee stings you!
* * * LOW HITPOINT WARNING * * *
Okay, then.
Okay, then.
It was a potion of might.
You feel very mighty all of a sudden. The killer bee barely misses you.
The killer bee stings you!
* * * LOW HITPOINT WARNING * * *
You are lethally poisoned!
The killer bee poisons you!
It was a potion of curing.
You feel better. The killer bee stings you!
You die...

######..#.....#
≈≈≈≈≈≈..####.## ÷.....≈##
#.# ≈≈≈≈≈≈## ##'## ##
###########...## ...
≈≈≈≈≈≈..##.....## ..#
††≈≈≈.≈.≈.......## ..##
#######..........####....#.
.......'........@y..†......
....####.........####.....#
.#.## ##.......## ....#
...# ##.....## .... ...#
######...## ..# ...#
#.....#+## ## ...#
#.###.#.##### ...# #.
#@......# ####
#.###....##.#


You could see a killer bee.

Vanquished Creatures
  2 bullfrogs (Sewer)
  2 killer bees (D:4)
  Robin (D:3)
  10 adders
  2 worms
  A dart slug (D:3)
  21 endoplasms
  18 giant cockroaches
  16 goblins
  8 hobgoblins
  8 jackals (D:3)
  11 quokkas
  14 ball pythons
  6 bats (D:1)
  9 frilled lizards
  4 kobolds
  6 rats
139 creatures vanquished.

Vanquished Creatures (others)
  5 plants (D:1)
5 creatures vanquished.

Grand Total: 144 creatures vanquished

Notes
Turn   | Place    | Note
-------+----------+-------------------------------------------
     0 | D:1      | ChaosChampion the Deep Elf Conjurer began the quest for the
                  | Orb.
     0 | D:1      | Reached XP level 1. HP: 10/10 MP: 6/6
     2 | D:1      | Noticed an elf
     2 | D:1      | Noticed a gargoyle
     4 | D:1      | Noticed a spriggan
     4 | D:1      | Noticed a tengu
     6 | D:1      | Noticed a demigod
     8 | D:1      | Noticed a merfolk
     8 | D:1      | Noticed a ghoul
    10 | D:1      | Noticed a formicid
    12 | D:1      | Noticed a draconian
    14 | D:1      | Noticed a naga
    14 | D:1      | Noticed a vampire
    18 | D:1      | Noticed a minotaur
    18 | D:1      | Noticed a dwarf
    20 | D:1      | Noticed a vine stalker
    20 | D:1      | Noticed a human
    22 | D:1      | Noticed a felid
    22 | D:1      | Noticed a demonspawn
    24 | D:1      | Noticed a troll
    24 | D:1      | Noticed an octopode
    26 | D:1      | Noticed an ogre
    91 | D:1      | Found Bivu's Assorted Antiques.
   141 | D:1      | Found Faliwail's Book Emporium.
   202 | D:1      | Found Qanar's Weapon Shoppe.
   217 | D:1      | Reached XP level 2. HP: 9/15 MP: 2/8
   266 | D:1      | Learned a level 2 spell: Searing Ray
   441 | D:1      | Reached skill level 4 in Spellcasting
   511 | D:1      | Found a faded altar of an unknown god.
  1002 | D:1      | Reached XP level 3. HP: 19/19 MP: 8/10
  2141 | D:3      | Reached skill level 5 in Spellcasting
  2141 | D:3      | Reached skill level 5 in Conjurations
  2243 | D:3      | Reached XP level 4. HP: 24/24 MP: 10/13
  2596 | D:3      | Noticed Robin
  2612 | D:3      | Killed Robin
  3344 | D:4      | Reached skill level 6 in Spellcasting
  3344 | D:4      | Identified the +4 long sword "Qompimet" {vorpal, rElec
                  | Will- rCorr Stlth+}
  3387 | D:4      | Reached XP level 5. HP: 8/28 MP: 9/15
  3396 | D:4      | Learned a level 5 spell: Lightning Bolt
  3401 | D:4      | Learned a level 4 spell: Iskenderun's Mystic Blast
  3669 | D:4      | Noticed Sigmund
  3715 | D:4      | Found a glowing drain.
  3739 | Sewer    | Entered a sewer
  4086 | Sewer    | Reached skill level 1 in Translocations
  4087 | Sewer    | Reached skill level 1 in Air Magic
  4666 | Sewer    | Reached XP level 6. HP: 32/32 MP: 1/17
  4932 | D:4      | HP: 1/32 [killer bee (7)]
  4933 | D:4      | Slain by a killer bee

Illustrated notes

Levels and vault maps discovered:
D:1:      kb_arrival_jail, layout_loops_cross, serial_shops, nicolae_shop_trees,
          shop, nicolae_shop_hallway_plus,
          hellmonk_ecumenical_altar_inner_sanctum, serial_bayou_lagoon_a
D:2:      layout_loops_corners
D:3:      layout_basic, hangedman_decor_lopped, item_on_display_a, uniq_robin
D:4:      layout_loops_corners, mainiacjoe_overflow_six_doors_small,
          gup_sewer_entry_pipe, uniq_sigmund, uniq_pikel, uniq_grinder

Skill      XL: |  1  2  3  4  5  6 |
---------------+-------------------+-----
Spellcasting   | 4 5 6 |  6.6
Conjurations   | 5 |  5.8
Translocations | 2 3 |  3.0
Air Magic      | 2 |  2.7
Dodging        | |  2.4
Stealth        | |  2.4

Action                   |  1- 3 |  4- 6 || total
-------------------------+-------+-------++-------
 Cast: Magic Dart        |    58 |   137 ||   195
       Searing Ray       |     4 |    33 ||    37
  Use: Scroll            |       |     4 ||     4
       Potion            |       |     2 ||     2
Armor: Robe              |     2 |     2 ||     4
Dodge: Dodged            |     5 |    28 ||    33

Table legend: (Time is in decaauts)
 A = Elapsed time spent in this place.
 B = Non-inter-level travel time spent in this place.
 C = Inter-level travel time spent in this place.
 D = Time resting spent in this place.
 E = Time spent auto-exploring this place.
 F = Levels seen in this place.
 G = Mean time per level.
                   A        B        C        D        E       F      G
               +--------+--------+--------+--------+--------+-----+--------+
         Total |   5022 |   4930 |     92 |    140 |   4119 |   5 | 1004.4 |
       Dungeon |   3822 |   3730 |     92 |    140 |   3101 |   4 |  955.5 |
         Sewer |   1199 |   1199 |      0 |      0 |   1017 |   1 | 1199.0 |
               +--------+--------+--------+--------+--------+-----+--------+

Top non-repeatable levels by time:
     D:1: 1201 daAuts
   Sewer: 1199 daAuts
     D:3: 1101 daAuts
     D:2: 1044 daAuts
     D:4: 475 daAuts
